 Dungeon Crawl Stone Soup version 0.28-a0-563-gf77a47075d (webtiles) character file.

Game seed: 3228585361275766167

77 Johnny the Chiller (level 4, -3/36 HPs)
             Began as a Draconian Ice Elementalist on Sept 30, 2021.
             Slain by an orc (5 damage)
             ... on level 2 of the Dungeon.
             The game lasted 00:02:08 (2888 turns).

Johnny the Chiller (Draconian Ice Elementalist)     Turns: 2888, Time: 00:02:08

Health: -3/36      AC:  5    Str: 10    XL:     4   Next: 14%
Magic:  8/8        EV: 12    Int: 17    God:
Gold:   51         SH:  0    Dex: 11    Spells: 7/8 levels left

rFire   . . .      SeeInvis .   g - +0 short sword (protect)
rCold   . . .      Faith    .   (no shield)
rNeg    . . .      Spirit   .   (armour unavailable)
rPois   .          Reflect  .   (helmet restricted)
rElec   .          Harm     .   (no cloak)
rCorr   .          Rampage  .   (no gloves)
Will    .....                   (no boots)
Stlth   ++........              (no amulet)
HPRegen 0.12/turn               (no ring)
MPRegen 0.11/turn               (no ring)

@: flying
A: AC +5, unfitting armour, cold-blooded
a: no special abilities


You were on level 2 of the Dungeon.
You visited 1 branch of the dungeon, and saw 2 of its levels.

You collected 51 gold pieces.

Inventory:

Hand Weapons
 e - a +0 dagger
 g - a +0 short sword of protection (weapon)
Scrolls
 a - a scroll of identify {unknown}
 f - a scroll of fear {unknown}
 h - a scroll of amnesia {unknown}
Potions
 b - a potion of curing {unknown}
 c - a potion of flight
 d - a potion of might {unknown}
 i - a potion of attraction {unknown}


   Skills:
 + Level 2.2 Fighting
 - Level 1.7 Dodging
 - Level 1.7 Stealth
 + Level 2.9 Spellcasting
 + Level 4.6 Ice Magic


You had 7 spell levels left.
You knew the following spells:

 Your Spells              Type           Power      Damage    Failure   Level
a - Freeze                Ice            72%        1d9       2%          1

Your spell library contained the following spells:

 Spells                   Type           Power      Damage    Failure   Level
 Frozen Ramparts          Ice            36%        1d5       8%          3
 Ozocubu's Armour         Ice            18%        N/A       8%          3
 Hailstorm                Conj/Ice       10%        3d5       56%         4


Dungeon Overview and Level Annotations

Branches:
Dungeon (2/15)

Altars:

Annotations:
D:2 1 runed translucent door, Crazy Yiuf, Natasha


Innate Abilities, Weirdness & Mutations

Your plain brown scales are hard. (AC +5)
You cannot fit into any form of body armour.
You are cold-blooded and may be slowed by cold attacks.


Message History

You closely miss the orc wizard. You tail-slap the orc wizard.
The orc wizard is lightly wounded.
Natasha claws you. The shadow imp hits you.
The orc wizard hits you but does no damage.
You closely miss the orc wizard. You tail-slap the orc wizard.
The orc wizard is moderately wounded.
Natasha wildly gestures.
Natasha shimmers violently.
Natasha casts a spell at you. The magic dart hits you!
The orc hits you but does no damage. The shadow imp hits you.
* * * LOW HITPOINT WARNING * * *
The orc wizard hits you but does no damage.
Something hits you.
* * * LOW HITPOINT WARNING * * *
You are too injured to fight recklessly!
You are too injured to fight recklessly!
You are too injured to fight recklessly!
You are too injured to fight recklessly!
You are too injured to fight recklessly!
Unknown command.
Something hits you but does no damage. The orc barely misses you.
The shadow imp hits you.
* * * LOW HITPOINT WARNING * * *
The orc wizard gestures wildly while chanting.
The orc wizard flickers and vanishes!
The shadow imp barely misses you.
Natasha howls an incantation.
You feel disoriented. Natasha claws you.
* * * LOW HITPOINT WARNING * * *
Okay, then.
Unknown command.
Unknown command.
Natasha howls an incantation.
Natasha shimmers violently.
It was a potion of flight.
You feel very buoyant.
You fly up into the air.
The orc hits you with a +0 hand axe.
You die...

.........................
....................###
#.................#..
#........##.....#.#.#
#{o..................
#!..†....##....†#.#.#
#....†...##...†.#.#.#
#5#########.....#.#.#
#.ho@.............#.#
##.############.....#
#..#.######.#.#†####
#.#.....#.#...#.#
######.#..#...#†####
#..#.####.#.#.).....
#.#.....#.#.........
#)####.#..#.........
#..#.######.#.......


You could see Natasha, a shadow imp (summoned) and an orc.

Vanquished Creatures
  2 adders (D:2)
  2 worms (D:2)
  2 dart slugs
  5 bats
  4 endoplasms
  3 giant cockroaches (D:1)
  4 hobgoblins
  6 jackals
  8 kobolds
  3 quokkas
  2 ball pythons (D:1)
  A frilled lizard (D:2)
  A goblin (D:2)
  6 rats
49 creatures vanquished.

Notes
Turn   | Place    | Note
-------+----------+-------------------------------------------
     0 | D:1      | Johnny the Draconian Ice Elementalist began the quest for
                  | the Orb.
     0 | D:1      | Reached XP level 1. HP: 14/14 MP: 3/3
   329 | D:1      | Reached XP level 2. HP: 16/22 MP: 0/5
   572 | D:1      | Found a faded altar of an unknown god.
   597 | D:1      | Reached skill level 1 in Fighting
  1339 | D:1      | Reached XP level 3. HP: 28/28 MP: 4/6
  2468 | D:2      | Found a runed translucent door.
  2469 | D:2      | Noticed Crazy Yiuf
  2656 | D:2      | Reached XP level 4. HP: 24/36 MP: 5/8
  2872 | D:2      | Noticed Natasha
  2884 | D:2      | HP: 1/36 [Natasha (3)]
  2888 | D:2      | Slain by an orc

Illustrated notes

Levels and vault maps discovered:
D:1:      dpeg_cavernosity, layout_basic, serial_curves, eino_curves_03,
          eino_curves_03, ebering_ecumenical_altar_hall,
          chequers_decorated_corner
D:2:      minmay_angry_zag, layout_basic, grunt_ministairs_6,
          minmay_misc_feat_chi, uniq_natasha, uniq_crazy_yiuf_cottage

Skill      XL: |  1  2  3 |
---------------+----------+-----
Fighting       | 1 2 |  2.2
Dodging        | |  1.7
Stealth        | |  1.7
Spellcasting   | |  2.9
Ice Magic      | |  4.6

Action                   |  1- 3 |  4- 6 || total
-------------------------+-------+-------++-------
Melee: Unarmed           |    80 |       ||    80
       Tailslap          |    13 |     2 ||    15
       Dagger            |    51 |       ||    51
       Short sword       |    21 |    14 ||    35
 Cast: Freeze            |    40 |     1 ||    41
  Use: Potion            |       |     1 ||     1
 Stab: Sleeping          |     4 |       ||     4
Armor: Skin              |    64 |     8 ||    72
Dodge: Dodged            |   122 |    12 ||   134

Table legend: (Time is in decaauts)
 A = Elapsed time spent in this place.
 B = Non-inter-level travel time spent in this place.
 C = Inter-level travel time spent in this place.
 D = Time resting spent in this place.
 E = Time spent auto-exploring this place.
 F = Levels seen in this place.
 G = Mean time per level.
                   A        B        C        D        E       F      G
               +--------+--------+--------+--------+--------+-----+--------+
         Total |   2893 |   2866 |     27 |      0 |   2483 |   2 | 1446.5 |
       Dungeon |   2893 |   2866 |     27 |      0 |   2483 |   2 | 1446.5 |
               +--------+--------+--------+--------+--------+-----+--------+

Top non-repeatable levels by time:
     D:1: 1747 daAuts
     D:2: 1145 daAuts
